 Dungeon Crawl Stone Soup version 0.29.1-2-gbd0b4ee654 (webtiles) character file.

Game seed: 2692194715329225770

1378637 Du3lingdragon the Omniscient (level 27, 217/239 (242) HPs)
             Began as a Gnoll Wanderer on Oct 26, 2022.
             Was the Champion of Ashenzari.
             Escaped with the Orb
             ... and 3 runes on Oct 28, 2022!
             The game lasted 07:04:52 (111935 turns).

Du3lingdragon the Omniscient (Gnoll Wanderer)     Turns: 111935, Time: 07:04:53

HP:   217/239 (242) AC: 21    Str:  9    XL:     27
MP:   62/62         EV: 19    Int: 26    God:    Ashenzari [******]
Gold: 1711          SH: 22    Dex: 15    Spells: 1/78 levels left

rFire   + . .      SeeInvis +   a - +11 long sword "At What Cost Knowledge?" {elec, Fly rF+, Comp, Elem} (curse)
rCold   + + +      Faith    .   M - +3 buckler "Loss of the Cosmic Seer" {rC+, Evo, Bglg} (curse)
rNeg    + . .      Spirit   .   t - +3 ring mail of the Ensconced Negation {Regen+ MP+9 Stlth+, Comp, Elem} (curse)
rPois   .          Reflect  +   v - +2 helmet "Annoyance of Ashenzari" {Int+3, Alch, Self} (curse)
rElec   +          Harm     .   i - scarf "Chained Together" {rC+ rF+, Alch, Self} (curse)
rCorr   +          Rampage  .   u - +2 pair of gloves of Ashenzari's Augurer {Stlth+, Melee, Comp} (curse)
Will    +++++      Clarity  +   h - +1 pair of boots of Ashenzari's Sybil {Stlth+, Evo, Elem} (curse)
Stlth   ++++......              Z - amulet "Cosmic Sorrow" {Reflect Will++ rCorr Str-5 SH+5 SInv, Fort, Melee} (curse)
HPRegen 1.29/turn               A - ring of Supernal Gnosis {rElec rN+ Int+3 SInv Stlth+, Melee, Self} (curse)
MPRegen 0.38/turn               R - ring of the Unyielding Gaze {Ice Will++ SInv, Self, Comp} (curse)

@: flying, hasted, studying Fire Magic, lightly drained, invisible, very quick
A: fangs 1, strong nose, distributed training, claws 1, large bone plates 1,
berserk 1, cold resistance 2, deformed body, strong-willed 1, subdued magic 1,
MP-powered wands, devolution 1
0: Orb of Zot
}: 3/15 runes: serpentine, barnacled, silver
a: Renounce Religion, Shatter the Chains


You escaped.
You worshipped Ashenzari.
Ashenzari was exalted by your worship.
You visited 12 branches of the dungeon, and saw 52 of its levels.
You visited the Abyss 1 time.
You visited 3 bazaars.
You visited 1 ziggurat, and saw 5 of its levels.
You also visited: Sewer and Desolation.

You collected 8559 gold pieces.
You spent 6848 gold pieces at shops.

Inventory:

Hand Weapons
 a - the cursed +11 long sword "At What Cost Knowledge?" (weapon) {elec, Fly rF+, Comp, Elem}
   (You found it on level 1 of the Elven Halls)

   It occasionally discharges a powerful burst of electricity upon striking a
   foe.
   rF:        It protects you from fire.
   Fly:       It grants you flight.
   It has a curse which improves the following skills: Companions: Summonings
   and Necromancy.
   Elements:  Fire Magic, Ice Magic, Air Magic and Earth Magic.
 b - the +12 rapier of Uskayaw's Esteem {antimagic, rN+ Str-3 Int+2}
   (You bought it in a shop on level 12 of the Dungeon)

   It reduces the magical energy of the wielder, and disrupts the spells and
   magical abilities of those it strikes.
   Natural abilities and divine invocations are not affected.
   Str:       It affects your strength (-3).
   Int:       It affects your intelligence (+2).
   rN:        It protects you from negative energy.
Missiles
 c - 5 silver javelins
 k - 8 javelins (quivered)
 o - 6 datura-tipped darts
 W - 10 curare-tipped darts
Armour
 h - the cursed +1 pair of boots of Ashenzari's Sybil (worn) {Stlth+, Evo, Elem}
   (You bought it in a shop in a bazaar)

   It has a curse which improves the following skills: Evocations: Evocations.
   Elements:  Fire Magic, Ice Magic, Air Magic and Earth Magic.
 i - the cursed scarf "Chained Together" (worn) {rC+ rF+, Alch, Self}
   (You found it on level 15 of the Dungeon)

   It has a curse which improves the following skills: Alchemy: Poison Magic and
   Transmutations.
   Introspection: Fighting and Spellcasting.
 t - the cursed +3 ring mail of the Ensconced Negation (worn) {Regen+ MP+9 Stlth+, Comp, Elem}
   (You found it on level 2 of the Abyss)

   MP:        It affects your magic capacity (+9).
   Regen:     It increases your rate of health regeneration.
   Stlth:     It makes you more stealthy.
   It has a curse which improves the following skills: Companions: Summonings
   and Necromancy.
   Elements:  Fire Magic, Ice Magic, Air Magic and Earth Magic.
 u - the cursed +2 pair of gloves of Ashenzari's Augurer (worn) {Stlth+, Melee, Comp}
   (You bought it in a shop in a bazaar)

   It has a curse which improves the following skills: Melee Combat: Short
   Blades, Long Blades, Axes, Maces & Flails, Polearms, Staves and Unarmed
   Combat.
   Companions: Summonings and Necromancy.
 v - the cursed +2 helmet "Annoyance of Ashenzari" (worn) {Int+3, Alch, Self}
   (You bought it in a shop on level 2 of the Vaults)

   It has a curse which improves the following skills: Alchemy: Poison Magic and
   Transmutations.
   Introspection: Fighting and Spellcasting.
 M - the cursed +3 buckler "Loss of the Cosmic Seer" (worn) {rC+, Evo, Bglg}
   (You took it off a spriggan defender on level 2 of the Depths)

   It has a curse which improves the following skills: Evocations: Evocations.
   Beguiling: Conjurations, Hexes and Translocations.
Jewellery
 A - the cursed ring of Supernal Gnosis (left hand) {rElec rN+ Int+3 SInv Stlth+, Melee, Self}
   (You bought it in a shop on level 2 of the Snake Pit)

   [ring of positive energy]

   Int:       It affects your intelligence (+3).
   rElec:     It insulates you from electricity.
   rN:        It protects you from negative energy.
   SInv:      It lets you see invisible.
   Stlth:     It makes you more stealthy.
   It has a curse which improves the following skills: Melee Combat: Short
   Blades, Long Blades, Axes, Maces & Flails, Polearms, Staves and Unarmed
   Combat.
   Introspection: Fighting and Spellcasting.
 J - the ring of Titaomaa {Wiz rElec rN+ Str-4}
   (You found it on level 4 of a ziggurat)

   [ring of wizardry]

   It improves your spell success rate.
   Str:       It affects your strength (-4).
   rElec:     It insulates you from electricity.
   rN:        It protects you from negative energy.
 R - the cursed ring of the Unyielding Gaze (right hand) {Ice Will++ SInv, Self, Comp}
   (You found it on level 2 of the Abyss)

   [ring of ice]

   It enhances your ice magic.
   rF:        It makes you vulnerable to fire.
   rC:        It protects you from cold.
   SInv:      It lets you see invisible.
   Will:      It greatly increases your willpower.
   It has a curse which improves the following skills: Introspection: Fighting
   and Spellcasting.
   Companions: Summonings and Necromancy.
 T - the ring "Cyuhag" {rPois Str+2}
   (You took it off a deep elf master archer on level 3 of the Elven Halls)

   [ring of poison resistance]

   Str:       It affects your strength (+2).
   rPois:     It protects you from poison.
 Z - the cursed amulet "Cosmic Sorrow" (around neck) {Reflect Will++ rCorr Str-5 SH+5 SInv, Fort, Melee}
   (You found it in the Desolation of Salt)

   [amulet of reflection]

   It reflects blocked missile attacks.
   Str:       It affects your strength (-5).
   SInv:      It lets you see invisible.
   rCorr:     It protects you from acid and corrosion.
   SH:        It affects your SH (+5).
   Will:      It greatly increases your willpower.
   It has a curse which improves the following skills: Fortitude: Armour and
   Shields.
   Melee Combat: Short Blades, Long Blades, Axes, Maces & Flails, Polearms,
   Staves and Unarmed Combat.
Wands
 w - a wand of mindburst (13)
 y - a wand of digging (10)
 F - a wand of polymorph (13)
 L - a wand of light (23)
 P - a wand of charming (55)
 S - a wand of flame (67)
 Y - a wand of roots (36)
Scrolls
 f - 2 scrolls of fear
 g - 6 scrolls of immolation
 p - 5 scrolls of teleportation
 q - 2 scrolls of poison
 B - 6 scrolls of fog
 D - a scroll of magic mapping
 E - a scroll of amnesia
 N - 5 scrolls of silence
Potions
 d - 13 potions of attraction
 j - 2 potions of brilliance
 l - 2 potions of cancellation
 m - 3 potions of resistance
 x - a potion of heal wounds
 z - 4 potions of mutation
 C - 16 potions of curing
 H - 2 potions of might
 K - 2 potions of berserk rage
 O - 11 potions of flight
 U - 3 potions of lignification
Miscellaneous
 n - a lightning rod (4/4)
 G - a phantom mirror (inert)
 Q - a phial of floods
 V - a box of beasts
 X - a condenser vane


   Skills:
 + Level 19.7(25.5) Fighting
 + Level 19.5(24.3) Short Blades
 + Level 19.5(24.3) Long Blades
 + Level 19.5(24.3) Axes
 + Level 19.5(24.3) Maces & Flails
 + Level 19.5(24.3) Polearms
 + Level 20.0(24.7) Staves
 + Level 19.5 Ranged Weapons
 + Level 20.4 Throwing
 + Level 19.7(22.0) Armour
 + Level 19.5 Dodging
 + Level 19.5 Stealth
 + Level 19.5(21.9) Shields
 + Level 19.5(24.3) Unarmed Combat
 + Level 20.5(26.4) Spellcasting
 + Level 16.7(19.1) Conjurations
 + Level 16.7(19.1) Hexes
 + Level 16.7(22.7) Summonings
 + Level 16.7(22.7) Necromancy
 + Level 16.7(19.1) Translocations
 + Level 16.7(20.4) Transmutations
 + Level 20.5(25.2) Fire Magic
 + Level 16.7(21.6) Ice Magic
 + Level 16.7(21.6) Air Magic
 + Level 16.7(21.6) Earth Magic
 + Level 16.7(20.4) Poison Magic
 + Level 21.1 Invocations
 + Level 19.5(23.1) Evocations


You had one spell level left.
You knew the following spells:

 Your Spells              Type           Power      Damage    Failure   Level
a - Sting                 Tmut/Pois      100%       1d8       0%          1
b - Orb of Destruction    Conj           40%        9d11      1%          7
c - Mephitic Cloud        Conj/Pois/Air  83%        N/A       0%          3
d - Apportation           Tloc           100%       N/A       0%          1
e - Summon Lightning Spi  Summ/Air       86%        N/A       0%          4
f - Freezing Cloud        Conj/Ice/Air   52%        6-21      0%          5
g - Yara's Violent Unrav  Hex/Tmut       40%        3d16      0%          5
h - Inner Flame           Hex/Fire       86%        N/A       0%          3
i - Ensorcelled Hibernat  Hex/Ice        100%       N/A       0%          2
j - Simulacrum            Ice/Necr       53%        N/A       0%          6
k - Iron Shot             Conj/Erth      41%        9d8       1%          6
l - Animate Armour        Summ/Erth      100%       N/A       0%          4
m - Storm Form            Tmut/Air       42%        N/A       1%          7
n - Ozocubu's Refrigerat  Ice            53%        4d19      1%          7
o - Death Channel         Necr           43%        N/A       0%          6
p - Blink                 Tloc           100%       N/A       0%          2
q - Discord               Hex            40%        N/A       2%          8

Your spell library contained the following spells:

 Spells                   Type           Power      Damage    Failure   Level
 Beastly Appendage        Tmut           100%       N/A       0%          1
 Freeze                   Ice            100%       1d11      0%          1
 Magic Dart               Conj           100%       1d8       0%          1
 Necrotise                Necr           100%       1d9       0%          1
 Sandblast                Erth           100%       2d20      0%          1
 Summon Small Mammal      Summ           100%       N/A       0%          1
 Call Imp                 Summ           87%        N/A       0%          2
 Passwall                 Tmut/Erth      70%        N/A       0%          2
 Poisonous Vapours        Pois/Air       100%       N/A       0%          2
 Wereblood                Tmut           83%        N/A       0%          2
 Call Canine Familiar     Summ           87%        N/A       0%          3
 Confusing Touch          Hex            80%        N/A       0%          3
 Conjure Flame            Conj/Fire      86%        6-21      0%          3
 Dazzling Flash           Conj/Hex       100%       N/A       0%          3
 Frozen Ramparts          Ice            100%       1d16      0%          3
 Gell's Gravitas          Tloc           80%        N/A       0%          3
 Ignite Poison            Fire/Tmut/Pois 85%        N/A       0%          3
 Lesser Beckoning         Tloc           80%        N/A       0%          3
 Ozocubu's Armour         Ice            100%       N/A       0%          3
 Portal Projectile        Hex/Tloc       100%       N/A       0%          3
 Spider Form              Tmut/Pois      83%        N/A       0%          3
 Stone Arrow              Conj/Erth      100%       3d13      0%          3
 Summon Guardian Golem    Hex/Summ       84%        N/A       0%          3
 Teleport Other           Tloc           80%        N/A       0%          3
 Vampiric Draining        Necr           87%        2d12      0%          3
 Anguish                  Hex/Necr       42%        N/A       0%          4
 Animate Dead             Necr           87%        N/A       0%          4
 Cause Fear               Hex            40%        N/A       0%          4
 Corpse Rot               Necr/Pois/Air  85%        N/A       0%          4
 Dispel Undead            Necr           87%        3d28      0%          4
 Flame Wave               Conj/Fire      86%        2d18      0%          4
 Fulminant Prism          Conj/Hex       40%        3d20      0%          4
 Hailstorm                Conj/Ice       100%       3d20      0%          4
 Iskenderun's Mystic Bla  Conj/Tloc      80%        2d16      0%          4
 Leda's Liquefaction      Hex/Erth       41%        N/A       0%          4
 Olgreb's Toxic Radiance  Pois           83%        N/A       0%          4
 Passage of Golubria      Tloc           80%        N/A       0%          4
 Sticky Flame             Conj/Fire      86%        2d10      0%          4
 Agony                    Necr           87%        N/A       0%          5
 Blade Hands              Tmut           41%        N/A       0%          5
 Iskenderun's Battlesphe  Conj           80%        2d13      0%          5
 Lee's Rapid Deconstruct  Erth           42%        3d22*     0%          5
 Manifold Assault         Tloc           80%        N/A       0%          5
 Metabolic Englaciation   Hex/Ice        52%        N/A       0%          5
 Silence                  Hex/Air        41%        N/A       0%          5
 Summon Forest            Summ/Tloc      42%        N/A       0%          5
 Eringya's Noxious Bog    Tmut/Pois      41%        N/A       1%          6
 Enfeeble                 Hex            40%        N/A       1%          7
 Malign Gateway           Summ/Tloc      42%        N/A       1%          7
 Spellforged Servitor     Conj/Summ      42%        N/A       1%          7
 Summon Hydra             Summ           43%        N/A       1%          7
 Ignition                 Fire           45%        3d13      1%          8
 Infestation              Necr           43%        N/A       1%          8
 Lehudib's Crystal Spear  Conj/Erth      41%        10d10     1%          8
 Maxwell's Capacitive Co  Air            42%        ∞         1%          8
 Necromutation            Tmut/Necr      42%        N/A       1%          8
 Summon Horrible Things   Summ           43%        N/A       1%          8
 Fire Storm               Conj/Fire      43%        8d11      14%         9
 Shatter                  Erth           42%        3d33*     19%         9
 Chain Lightning          Conj/Air       41%        3d55      30%         9


Dungeon Overview and Level Annotations

Branches:
Dungeon (15/15)            Temple (1/1) D:4            Lair (5/5) D:10
 Shoals (4/4) Lair:3        Snake (4/4) Lair:2        Slime (1/5) Lair:5
    Orc (2/2) D:11            Elf (3/3) Orc:2        Vaults (5/5) D:14
  Crypt (3/3) Vaults:2       Tomb (0/3) Crypt:3      Depths (4/4) D:15
    Zot (5/5) Depths:4      Sewer (visited)         Desolation (visited)

Altars:
Ashenzari
Cheibriados
Dithmenos
Elyvilon
Fedhas
Gozag
Hepliaklqana
Kikubaaqudgha
Makhleb
Nemelex Xobeh
Okawaru
Qazlal
Ru
Sif Muna
Trog
Uskayaw
Vehumet
Wu Jian
Xom
Yredelemnul
Zin
The Shining One
Jiyva
Lugonu

Shops:
D:7 [   D:12 (   Orc:2 *(*:*=   Elf:1 !(!   Elf:3 !   Shoals:3 (   Snake:2 =
Vaults:1 (*[   Vaults:2 =[   Vaults:5 *[!*

Portals:
Hell: Depths:1 Depths:2 Depths:3 Depths:4
Abyss: Depths:1 Depths:3 Depths:4
Pandemonium: Depths:2

Annotations:
Depths:1 2 transporters


Innate Abilities, Weirdness & Mutations

You have very sharp teeth.
Your uncanny sense of smell can sniff out nearby items.
Your experience applies equally to all skills.
You have sharp fingernails.
You are partially covered in large bone plates. (SH +4)
You sometimes lose your temper in combat.
Your flesh is very cold resistant. (rC++)
Armour fits poorly on your strangely shaped body.
You are strong-willed. (Will+)
Your spells are a little easier to cast, but a little less powerful.
You expend magic power (3 MP) to strengthen your wands.
You have hidden genetic defects.


Message History

You fly upwards.
There is a stone staircase leading down here.
There is an escape hatch in the ceiling here.
A mysterious force pulls you upwards. The hatch slams shut behind you.
You see here a +0 robe.
There is a stone staircase leading up here.
You fly upwards.
There is a stone staircase leading down here.
You feel as though your hastened speed will last longer.
A green death comes into view.
Okay, then.
You fade into invisibility!
A green death is nearby!
You see here a +0 club.
The green death gestures at you. The blast of poison engulfs you.
You are poisoned.
You are engulfed in poison gas.
You are more poisoned.
You feel very sick.
You are engulfed in poison gas.
You are more poisoned.
You feel extremely sick.
You are engulfed in poison gas.
You are more poisoned.
You feel extremely sick.
A reaper comes into view. It is wielding a +4 vampiric scythe.
You are engulfed in poison gas.
You are more poisoned.
You feel extremely sick.
You feel extremely sick.
Aiming: Dig
Press: ? - help, Shift-Dir - straight line A rock wall.
This square is covered in magical glow.
You feel a surge of power!
The rock shatters into small pieces.
You feel extremely sick.
You feel better.
There is an open door here.
There is a staircase leading out of the dungeon here.
You have escaped!

##################
###################
###....)....########
###...###...#########
###.@.#.#...'.#######
###...###...#...#####
###.........###.#####
###############...###
#################.###
################.###
###############{###
######.### ####.###


There were no monsters in sight!

Vanquished Creatures
  4 dread liches
  2 orbs of fire
  Mara (Shoals:2)
  2 juggernauts (Depths:2)
  Saint Roka (Orc:2)
  4 Killer Klowns
  6 curse toes
  10 golden dragons
  Jory (Crypt:1)
  The ghost of Pikuto the Slayer, an adept MiBe of Trog (Depths:3)
  3 electric golems
  A bone dragon (Crypt:3)
  A doom hound (Zot:3)
  2 hellephants (Elf:1)
  Rupert (Lair:4)
  11 tentacled monstrosities
  5 Orb Guardians (Zot:5)
  A walking divine tome (Depths:3)
  6 liches
  3 deep elf blademasters (Elf:3)
  7 quicksilver dragons
  6 sphinxes
  A deep elf master archer (Elf:3)
  A sphinx (shapeshifter) (Elf:1)
  5 death cobs
  5 krakens
  3 tengu reavers
  7 shadow dragons
  2 azure jellies (Lair:5)
  9 fire giants
  3 revenants
  2 draconian monks
  8 nagarajas
  9 storm dragons
  5 frost giants
  2 deep elf sorcerers
  7 vault wardens
  An imperial myrmidon (Desolation)
  A quicksilver elemental (Zig:1)
  5 draconian knights
  5 ghost moths
  5 spectral caustic shrikes (Depths:1)
  2 caustic shrike zombies
  A draconian shifter (Zot:3)
  2 draconian scorchers
  2 ghouls (Crypt:2)
  A draconian stormcaller (Zot:1)
  A juggernaut skeleton (Crypt:2)
  A reaper (Crypt:2)
  5 draconian annihilators
  4 war gargoyles (Crypt:3)
  A quicksilver ooze (Slime:1)
  2 spriggan defenders (Depths:2)
  2 ironbound thunderhulks (Vaults:1)
  6 stone giants
  11 ironbound preservers
  16 very ugly things
  6 green draconians
  8 vampire knights
  4 white draconians
  8 black draconians
  An entropy weaver (Vaults:2)
  6 purple draconians
  4 yellow draconians
  8 deep elf demonologists
  7 spark wasps
  6 deep elf annihilators
  5 dire elephants
  9 red draconians
  2 halazid warlocks (Desolation)
  Snorg (D:10)
  A spark wasp (shapeshifter) (Elf:1)
  7 ettins
  11 jiangshi
  5 crystal guardians
  9 deep elf death magi
  6 eidola
  The ghost of Toli the Carver, a journeyman DsGl of Okawaru (D:15)
  3 merfolk javelineers
  3 fire dragons
  3 deep elf high priests
  3 great orbs of eyes (Vaults:2)
  5 ragged hierophants
  12 merfolk impalers
  Josephine (Lair:4)
  24 vault guards
  2 rakshasas
  A fenstrider witch zombie (Crypt:3)
  3 servants of whispers (Desolation)
  11 yaktaur captains
  8 centaur warriors
  3 peacekeepers (Desolation)
  8 hydras
  An ogre mage (Vaults:5)
  5 ice dragons
  Erolcha (D:10)
  2 ironbound frosthearts
  3 boulder beetles
  2 salamander tyrants
  A catoblepas (Lair:5)
  An alligator snapping turtle (Shoals:4)
  4 merfolk avatars
  4 spriggan air magi
  2 satyrs (Shoals:4)
  4 anacondas
  9 two-headed ogres
  3 alligators
  A death knight (Crypt:1)
  A fenstrider witch skeleton (Crypt:1)
  A tengu warrior (Depths:3)
  2 deep troll earth magi (Depths:4)
  3 deep troll shamans
  3 merfolk aquamancers
  13 naga warriors
  3 spriggan berserkers
  26 dancing weapons
  2 death yaks (Lair:5)
  3 orc high priests
  2 titan zombies (Crypt:3)
  6 naga sharpshooters
  7 vampire magi
  A quicksilver ooze zombie (Crypt:1)
  9 shock serpents
  7 hell knights
  11 deep elf knights
  2 sun demons
  2 fire crabs (Lair:2)
  3 iron trolls
  A golden dragon zombie (Crypt:3)
  9 salamander mystics
  16 skeletal warriors
  Amaemon (Lair:1)
  A bunyip zombie (Crypt:3)
  An orb spider (Zig:4)
  A shadow wraith (Vaults:5)
  26 deep trolls
  4 glowing orange brains
  10 sea snakes
  2 flayed ghosts
  An orange crystal statue (Snake:3)
  2 naga ritualists (Snake:4)
  2 swamp dragons (shapeshifter)
  8 phantasmal warriors
  3 lindwurms
  5 wizards
  10 ironbound convokers
  The ghost of nshep25 the Cleaver, a novice MiFi of the Shining One (D:7)
  10 harpies
  12 deep elf archers
  2 shining eyes
  18 deep elf zephyrmancers
  A shadow dragon zombie (Crypt:2)
  9 necromancers
  9 orc knights
  3 mana vipers
  30 deep elf pyromancers
  5 orc sorcerers
  12 fauns
  34 ugly things
  3 cyclopes
  10 manticores
  17 salamanders
  7 guardian serpents
  A rust devil (Depths:2)
  26 moths of wrath
  5 elephants
  An apocalypse crab (Elf:1)
  9 vault sentinels
  A dire elephant zombie (Crypt:1)
  A black mamba (shapeshifter) (D:14)
  6 merfolk sirens
  4 centaur zombies
  2 smoke demons (Depths:2)
  A naga zombie (Crypt:3)
  7 water nymphs
  A torpor snail (Zig:4)
  24 black mambas
  A cane toad (shapeshifter) (Vaults:5)
  A shock serpent skeleton (Crypt:1)
  An orange demon (Lair:1)
  6 cane toads
  A minotaur zombie (Crypt:1)
  A naga skeleton (Crypt:3)
  9 naga magi
  3 centaur skeletons
  3 unseen horrors
  4 rime drakes
  30 yaktaurs
  2 efreet (Zig:3)
  A rime drake (shapeshifter) (Elf:1)
  A yaktaur zombie (Vaults:4)
  4 komodo dragons
  4 freezing wraiths
  4 tengu conjurers
  A hellwing (D:11)
  An ancient zyme (Abyss:2)
  2 guardian mummies (Zig:5)
  25 merfolk
  6 trolls
  3 red devils (Elf:2)
  2 harpy zombies
  8 meliai
  10 wind drakes
  21 saltlings
  A tyrant leech (shapeshifter) (Elf:1)
  19 slime creatures
  A hornet (D:8)
  4 polar bears
  2 harpy skeletons (Crypt:3)
  9 blink frogs
  2 dream sheep (Shoals:4)
  2 ettin zombies (Crypt:3)
  A blink frog (shapeshifter) (Elf:1)
  3 snapping turtles
  A culicivora (Vaults:2)
  An ettin skeleton (Crypt:1)
  A shadow (D:8)
  Sigmund (D:3)
  45 flying skulls
  A vampire (D:14)
  6 air elementals
  3 wraiths
  A black mamba skeleton (Crypt:2)
  19 water elementals
  2 wyverns
  An ushabti (Zig:5)
  6 fire elementals
  36 yaks
  An elf zombie (Vaults:1)
  A small abomination (Abyss:2)
  7 basilisks
  17 vampire mosquitoes
  3 steam dragons
  3 wargs
  34 nagas
  A glowing shapeshifter zombie (Vaults:4)
  22 water moccasins
  An ogre zombie (Vaults:4)
  15 orc warriors
  2 ice beasts (D:7)
  A merfolk skeleton (Crypt:1)
  A floating eye (shapeshifter) (Elf:1)
  2 sky beasts
  6 black bears
  A sky beast (shapeshifter) (D:13)
  4 boggarts (D:14)
  3 ogres
  9 wolves
  A phantom (D:6)
  14 centaurs
  14 bullfrogs
  2 kobold brigands
  4 necrophages
  A wyvern zombie (Crypt:1)
  4 scorpions
  An earth elemental (Elf:1)
  12 wights
  A warg skeleton (Crypt:2)
  20 killer bees
  6 electric eels
  5 howler monkeys
  A crimson imp (D:9)
  A quasit (Abyss:2)
  4 hounds
  4 jellies
  18 orc priests
  2 gnoll boudas
  A human skeleton (Crypt:2)
  2 iguanas
  Natasha (thrice) (D:4)
  14 orc wizards
  A hell rat (Lair:2)
  A tengu zombie (Crypt:2)
  3 mummies (Zig:5)
  13 gnolls
  10 adders
  7 river rats (Sewer)
  3 shadow imps (D:11)
  2 white imps
  4 adder skeletons (D:2)
  A lava snake skeleton (Crypt:1)
  2 worms (D:4)
  2 dart slugs
  48 orcs
  A bat skeleton (D:2)
  2 bat zombies (D:2)
  8 endoplasms
  3 giant cockroaches
  5 goblins
  4 hobgoblins
  3 jackals (D:3)
  A quokka (D:4)
  23 ball pythons
  A ball python skeleton (D:2)
  A ball python zombie (D:2)
  6 bats
  7 frilled lizards
  20 kobolds
  34 rats
  A butterfly (Lair:5)
  4 tentacles
1765 creatures vanquished.

Vanquished Creatures (collateral kills)
  2 dread liches
  An orb of fire (Zot:2)
  9 Killer Klowns
  5 golden dragons
  2 bone dragons (Depths:4)
  2 doom hounds (Zot:3)
  An electric golem (Zot:5)
  4 tentacled monstrosities
  16 Orb Guardians (Zot:5)
  Grunn (Zot:3)
  3 quicksilver dragons
  2 titans (Vaults:5)
  A deep elf master archer (Elf:3)
  3 sphinxes
  8 storm dragons
  2 shadow dragons
  2 frost giants
  A fire giant (Depths:3)
  A nagaraja (Snake:4)
  3 draconian knights
  A daeva (Depths:3)
  An orc warlord (Vaults:4)
  3 draconian monks
  12 vault wardens
  A deep elf sorcerer (Elf:3)
  An emperor scorpion (Zig:4)
  2 draconian scorchers
  2 ghost moths (Zot:5)
  A balrug (Depths:4)
  A draconian stormcaller (Zot:1)
  3 draconian shifters
  4 draconian annihilators
  9 very ugly things
  5 ironbound preservers
  An angel (Depths:3)
  A vampire knight (Crypt:3)
  2 war gargoyles (Vaults:5)
  A reaper (Zot:3)
  5 purple draconians
  6 stone giants
  3 green draconians
  A putrid mouth (Zot:3)
  3 ironbound thunderhulks
  2 deep elf demonologists
  3 white draconians
  A starcursed mass (Abyss:2)
  11 black draconians
  A bunyip (shapeshifter) (Vaults:5)
  3 red draconians
  5 yellow draconians
  6 dire elephants
  2 deep elf death magi (Elf:3)
  3 merfolk javelineers
  2 ettins
  3 ragged hierophants (Desolation)
  4 merfolk impalers
  8 yaktaur captains
  A fire dragon (Depths:1)
  3 great orbs of eyes
  2 deep elf high priests (Vaults:5)
  6 vault guards
  2 ice dragons
  2 rakshasas
  A boulder beetle (shapeshifter) (Elf:1)
  2 hydras (Lair:5)
  The ghost of btbam the Severer, a journeyman MiFi of Ru (D:11)
  A salamander tyrant (Snake:4)
  A servant of whispers (Desolation)
  3 ironbound frosthearts
  A merfolk avatar (Shoals:4)
  2 peacekeepers (Desolation)
  An ogre mage (Orc:2)
  An alligator snapping turtle (Shoals:2)
  4 anacondas
  5 naga warriors
  The ghost of Wentworth the Frost Mage, a journeyman DrIE of Gozag (D:10)
  6 centaur warriors
  4 merfolk aquamancers (Shoals:4)
  3 dancing weapons (Elf:2)
  A death yak (Lair:5)
  2 deep troll earth magi (Depths:3)
  A vampire mage (Depths:3)
  2 tengu warriors
  2 deep troll shamans (Depths:4)
  A satyr (Shoals:4)
  3 orc high priests (Elf:1)
  A two-headed ogre (Orc:2)
  A hell knight (Crypt:3)
  A deep elf knight (Vaults:5)
  A fire crab (Zig:3)
  Sonja (Lair:5)
  2 naga sharpshooters (Snake:4)
  A sun demon (Depths:4)
  An iron troll (Depths:4)
  3 salamander mystics (Snake:4)
  6 sea snakes
  25 deep trolls
  A flayed ghost (D:15)
  3 glowing orange brains
  3 naga ritualists (Snake:4)
  5 lindwurms
  2 ironbound convokers
  3 necromancers
  6 deep elf archers
  7 harpies
  3 wizards
  4 deep elf pyromancers
  2 phantasmal warriors (Vaults:5)
  6 orc knights
  11 deep elf zephyrmancers
  A cyclops (D:15)
  3 fauns
  A mana viper (Snake:4)
  2 manticores
  8 salamanders
  15 ugly things
  A large abomination (Abyss:2)
  2 moths of wrath (Zot:3)
  2 elephants
  3 apocalypse crabs
  5 merfolk sirens
  7 black mambas
  10 naga magi
  11 vault sentinels
  A guardian serpent (Snake:3)
  A gargoyle (D:10)
  3 cane toads
  4 water nymphs (Shoals:4)
  A titan simulacrum (Vaults:5)
  A rime drake (Lair:5)
  A yaktaur zombie (Vaults:1)
  2 tengu conjurers
  15 yaktaurs
  A freezing wraith (Abyss:2)
  An efreet (Zig:3)
  2 komodo dragons
  A hellwing (D:11)
  A demonic crawler (Zig:4)
  A red devil (Elf:2)
  6 merfolk
  A human skeleton (Vaults:5)
  A meliai (D:14)
  A polar bear (Lair:2)
  A polar bear (shapeshifter) (Depths:4)
  A troll (Orc:2)
  6 wind drakes
  7 saltlings (Desolation)
  7 slime creatures
  A tyrant leech (shapeshifter) (Vaults:5)
  5 dream sheep
  4 blink frogs
  3 snapping turtles
  A jumping spider (shapeshifter) (Depths:2)
  2 air elementals
  10 water elementals
  A wyvern (Lair:5)
  8 yaks
  A wraith (Lair:4)
  A basilisk (Lair:2)
  A yak (shapeshifter) (Elf:1)
  A human simulacrum (Vaults:5)
  An elf skeleton (Vaults:5)
  2 wargs
  A warg (shapeshifter) (Vaults:5)
  16 nagas
  A water moccasin (Lair:5)
  A black bear (shapeshifter) (Elf:1)
  2 black bears
  18 orc warriors
  2 wolves (Lair:5)
  2 human zombies (Vaults:1)
  2 ogres
  An ettin simulacrum (Vaults:5)
  2 centaurs
  4 bullfrogs
  A howler monkey (D:14)
  3 orc priests
  5 orc wizards
  A boggart zombie (D:11)
  A shadow imp (D:11)
  An ufetubus (Abyss:2)
  20 orcs
620 creatures vanquished.

Vanquished Creatures (others)
  A draconian stormcaller (Zot:2)
  A white draconian (Zot:3)
  A deep troll earth mage (Vaults:5)
  A deep elf knight (Elf:1)
  An ironbound convoker (Vaults:5)
  A phantasmal warrior (Vaults:5)
  A deep elf pyromancer (Elf:2)
  A moth of wrath (Zot:1)
  A vault sentinel (Vaults:3)
  A black mamba (Snake:4)
  A saltling (Desolation)
  An endoplasm (D:4)
  A bush (Lair:5)
  25 fungi
  194 plants
  2 starspawn tentacles (Abyss:2)
  35 tentacles
  12 withered plants
281 creatures vanquished.

Grand Total: 2666 creatures vanquished

Notes
Turn   | Place    | Note
-------+----------+-------------------------------------------
     0 | D:1      | Du3lingdragon the Gnoll Wanderer began the quest for the
                  | Orb.
     0 | D:1      | Du3lingdragon set off with the following items: a +2
                  | quarterstaff, 10 boomerangs, a +0 dagger, a potion of
                  | attraction, a +0 robe; and the following spell memorised:
                  | Sting; and the following spells available to memorise:
                  | Mephitic Cloud.
     0 | D:1      | Reached XP level 1. HP: 17/17 MP: 8/8
   201 | D:1      | Reached XP level 2. HP: 23/23 MP: 10/10
   683 | D:2      | Reached XP level 3. HP: 27/28 MP: 11/11
   740 | D:2      | Reached skill level 1 in Invocations
   801 | D:2      | Reached skill level 1 in Short Blades
   801 | D:2      | Reached skill level 1 in Long Blades
   801 | D:2      | Reached skill level 1 in Axes
   801 | D:2      | Reached skill level 1 in Maces & Flails
   801 | D:2      | Reached skill level 1 in Polearms
   801 | D:2      | Reached skill level 1 in Ranged Weapons
   801 | D:2      | Reached skill level 1 in Dodging
   801 | D:2      | Reached skill level 1 in Stealth
   801 | D:2      | Reached skill level 1 in Shields
   801 | D:2      | Reached skill level 1 in Unarmed Combat
   801 | D:2      | Reached skill level 1 in Evocations
   867 | D:2      | Found a faded altar of an unknown god.
   997 | D:2      | Reached XP level 4. HP: 34/34 MP: 13/13
  1636 | D:3      | Reached skill level 1 in Conjurations
  1636 | D:3      | Reached skill level 1 in Hexes
  1636 | D:3      | Reached skill level 1 in Summonings
  1636 | D:3      | Reached skill level 1 in Necromancy
  1636 | D:3      | Reached skill level 1 in Translocations
  1636 | D:3      | Reached skill level 1 in Transmutations
  1636 | D:3      | Reached skill level 1 in Fire Magic
  1636 | D:3      | Reached skill level 1 in Ice Magic
  1636 | D:3      | Reached skill level 1 in Air Magic
  1636 | D:3      | Reached skill level 1 in Earth Magic
  1636 | D:3      | Reached skill level 1 in Poison Magic
  1845 | D:3      | Reached XP level 5. HP: 40/40 MP: 14/14
  1966 | D:3      | Noticed Sigmund
  1976 | D:3      | Killed Sigmund
  1977 | D:3      | Reached skill level 5 in Staves
  1977 | D:3      | Reached skill level 2 in Invocations
  1977 | D:3      | Reached XP level 6. HP: 30/47 MP: 16/16
  2429 | D:4      | Noticed Natasha
  2438 | D:4      | Killed Natasha
  2451 | D:4      | Noticed Natasha
  2465 | D:4      | Killed Natasha
  2466 | D:4      | Reached XP level 7. HP: 28/52 MP: 18/18
  2680 | D:4      | Noticed Natasha
  3184 | D:4      | Killed Natasha
  3185 | D:4      | Reached skill level 3 in Invocations
  3367 | D:4      | Got the Guidebook on Assembling and the Iceberg
  3565 | D:4      | Found a staircase to the Ecumenical Temple.
  3574 | Temple   | Entered the Ecumenical Temple
  3700 | Temple   | Became a worshipper of Ashenzari the Shackled
  4263 | D:4      | Found a glowing silver altar of Zin.
  4406 | D:5      | Entered Level 5 of the Dungeon
  4722 | D:5      | Reached XP level 8. HP: 60/60 MP: 19/19
  5551 | D:6      | Found a glowing drain.
  5560 | Sewer    | Entered a sewer
  6421 | Sewer    | Reached skill level 4 in Invocations
  7186 | D:6      | Reached XP level 9. HP: 48/68 MP: 21/21
  8472 | D:7      | Reached skill level 5 in Fighting
  8472 | D:7      | Reached skill level 5 in Armour
  8920 | D:7      | Found a runed translucent gate.
  8920 | D:7      | Found a runed translucent gate.
  8920 | D:7      | Found a runed translucent gate.
  8922 | D:7      | Found an opulent altar of Gozag.
  8924 | D:7      | Reached * piety under Ashenzari
  8925 | D:7      | Noticed nshep25's ghost (novice MiFi)
  9187 | D:7      | Learned a level 1 spell: Necrotise
  9191 | D:7      | Learned a level 3 spell: Mephitic Cloud
  9193 | D:7      | Learned a level 1 spell: Apportation
  9596 | D:6      | Reached skill level 5 in Invocations
 10463 | D:7      | Reached skill level 5 in Short Blades
 10463 | D:7      | Reached skill level 5 in Long Blades
 10463 | D:7      | Reached skill level 5 in Axes
 10463 | D:7      | Reached skill level 5 in Maces & Flails
 10463 | D:7      | Reached skill level 5 in Polearms
 10463 | D:7      | Reached skill level 5 in Ranged Weapons
 10463 | D:7      | Reached skill level 5 in Dodging
 10463 | D:7      | Reached skill level 5 in Stealth
 10463 | D:7      | Reached skill level 5 in Shields
 10463 | D:7      | Reached skill level 5 in Unarmed Combat
 10463 | D:7      | Reached skill level 5 in Evocations
 10463 | D:7      | Reached XP level 10. HP: 22/77 MP: 23/23
 10839 | D:7      | Found Qexkig's Armour Boutique.
 11156 | D:7      | Bought a +2 pair of gloves for 247 gold pieces
 11167 | D:7      | Reached ** piety under Ashenzari
 12586 | D:8      | Reached skill level 6 in Invocations
 13484 | D:9      | Identified the +1 rapier of Hiezugg {pain, Fragile rElec
                  | rF+++ rN+}
 13520 | D:9      | Noticed a seven-headed hydra
 13575 | D:9      | Noticed a cyclops
 13657 | D:9      | Killed a cyclops
 13693 | D:9      | Killed a seven-headed hydra
 13694 | D:9      | Reached skill level 5 in Conjurations
 13694 | D:9      | Reached skill level 5 in Hexes
 13694 | D:9      | Reached skill level 5 in Summonings
 13694 | D:9      | Reached skill level 5 in Necromancy
 13694 | D:9      | Reached skill level 5 in Translocations
 13694 | D:9      | Reached skill level 5 in Transmutations
 13694 | D:9      | Reached skill level 5 in Fire Magic
 13694 | D:9      | Reached skill level 5 in Ice Magic
 13694 | D:9      | Reached skill level 5 in Air Magic
 13694 | D:9      | Reached skill level 5 in Earth Magic
 13694 | D:9      | Reached skill level 5 in Poison Magic
 13694 | D:9      | Reached XP level 11. HP: 51/86 MP: 22/25
 14830 | D:9      | Reached skill level 7 in Invocations
 15362 | D:9      | Noticed a two-headed ogre
 15371 | D:9      | Killed a two-headed ogre
 15814 | D:10     | Entered Level 10 of the Dungeon
 15890 | D:10     | Noticed Erolcha
 16042 | D:7      | Bought a +0 buckler for 67 gold pieces
 16176 | D:10     | Found a large runed translucent door.
 16176 | D:10     | Found a large runed translucent door.
 16258 | D:10     | Noticed Snorg
 16276 | D:10     | Killed Erolcha
 16288 | D:10     | Killed Snorg
 16656 | D:10     | Reached skill level 10 in Spellcasting
 16710 | D:9      | Noticed a skeletal warrior
 17018 | D:10     | HP: 4/87 [gargoyle/+0 dire flail (19)]
 17462 | D:10     | Identified the +11 whip of Fundamental Breach {antimagic,
                  | +Blink rF- rCorr Stlth+}
 18110 | D:10     | Learned a level 4 spell: Summon Lightning Spire
 18520 | D:10     | Noticed Wentworth's ghost (journeyman DrIE)
 18575 | D:10     | Found a staircase to the Lair.
 18686 | D:10     | Killed Wentworth's ghost
 18687 | D:10     | Reached XP level 12. HP: 58/94 MP: 25/27
 18958 | D:7      | Killed nshep25's ghost
 19467 | D:11     | Reached skill level 8 in Invocations
 19519 | D:11     | Found a staircase to the Orcish Mines.
 20057 | D:11     | Reached skill level 10 in Throwing
 20362 | D:11     | Noticed a boulder beetle
 20398 | D:11     | Killed a boulder beetle
 20504 | D:11     | Found a runed translucent gate.
 20505 | D:11     | Found a runed translucent gate.
 20506 | D:11     | Found a runed translucent gate.
 20507 | D:11     | Noticed btbam's ghost (journeyman MiFi)
 20508 | D:11     | Found a viscous altar of Jiyva.
 20899 | D:11     | Noticed a boulder beetle
 20913 | D:11     | Killed a boulder beetle
 21514 | Lair:1   | Entered Level 1 of the Lair of Beasts
 21850 | Lair:1   | Reached *** piety under Ashenzari
 21873 | Lair:1   | Noticed Amaemon
 21882 | Lair:1   | Killed Amaemon
 22116 | Lair:1   | Noticed a five-headed hydra
 22129 | Lair:1   | Killed a five-headed hydra
 22513 | Lair:2   | Noticed a four-headed hydra
 22529 | Lair:2   | Killed a four-headed hydra
 22872 | Lair:2   | Reached XP level 13. HP: 94/103 MP: 25/29
 22936 | Lair:2   | Learned a level 5 spell: Freezing Cloud
 23077 | Lair:2   | Learned a level 5 spell: Yara's Violent Unravelling
 23077 | Lair:2   | Reached **** piety under Ashenzari
 23108 | Lair:2   | Reached skill level 9 in Invocations
 23858 | Lair:2   | Found a staircase to the Snake Pit.
 24573 | Lair:3   | Found a staircase to the Shoals.
 24734 | Lair:3   | Reached skill level 10 in Staves
 25846 | Orc:1    | Entered Level 1 of the Orcish Mines
 26205 | Orc:1    | Identified the +1 pair of gloves "Osiegana" {+Inv rF+ rN+
                  | Dex-2}
 26385 | Orc:2    | Entered Level 2 of the Orcish Mines
 26565 | Orc:2    | Reached skill level 10 in Invocations
 26565 | Orc:2    | Reached XP level 14. HP: 116/116 MP: 20/32
 26880 | Orc:2    | Found Cetyelab's Book Boutique.
 26893 | Orc:2    | Bought a book of Hexes for 540 gold pieces
 26898 | Orc:2    | Learned a level 3 spell: Inner Flame
 26930 | Orc:2    | Noticed Saint Roka
 27221 | Orc:2    | Killed Saint Roka
 28089 | Orc:2    | Paralysed by an orc sorcerer for 4 turns
 28307 | Orc:2    | Found Paenuh's General Store.
 28353 | Orc:2    | Found Macsaerch's Antique Weapon Emporium.
 28390 | Orc:2    | Found Maut's Jewellery Emporium.
 28412 | Orc:2    | Found a staircase to the Elven Halls.
 28456 | Orc:2    | Found Vosche Wousch's General Store.
 28474 | Orc:2    | Found Comomab's Antique Armour Emporium.
 28729 | Orc:2    | Found Umoum's General Store.
 29017 | Orc:1    | Found a transporter.
 29334 | Orc:1    | Found a transporter.
 29350 | Orc:1    | Reached skill level 10 in Fighting
 29350 | Orc:1    | Reached skill level 10 in Armour
 29629 | Orc:1    | Paralysed by an orc sorcerer for 5 turns
 30316 | Orc:2    | Bought a lightning rod (4/4) for 420 gold pieces
 30794 | Lair:4   | Noticed Josephine
 30810 | Lair:4   | Killed Josephine
 31547 | Lair:5   | Entered Level 5 of the Lair of Beasts
 31578 | Lair:5   | Noticed Sonja
 31887 | Lair:5   | Killed Sonja
 31888 | Lair:5   | Noticed Rupert
 31977 | Lair:3   | Reached skill level 10 in Short Blades
 31977 | Lair:3   | Reached skill level 10 in Long Blades
 31977 | Lair:3   | Reached skill level 10 in Axes
 31977 | Lair:3   | Reached skill level 10 in Maces & Flails
 31977 | Lair:3   | Reached skill level 10 in Polearms
 31977 | Lair:3   | Reached skill level 10 in Ranged Weapons
 31977 | Lair:3   | Reached skill level 10 in Dodging
 31977 | Lair:3   | Reached skill level 10 in Stealth
 31977 | Lair:3   | Reached skill level 10 in Shields
 31977 | Lair:3   | Reached skill level 10 in Unarmed Combat
 31977 | Lair:3   | Reached skill level 10 in Evocations
 32232 | Lair:4   | Paralysed by Rupert for 3 turns
 32237 | Lair:4   | Killed Rupert
 32489 | Lair:5   | Reached XP level 15. HP: 98/124 MP: 11/34
 32621 | Lair:5   | Found a runed translucent door.
 32622 | Lair:5   | Reached skill level 11 in Invocations
 32687 | Lair:5   | Found a viscous altar of Jiyva.
 32687 | Lair:5   | Noticed an azure jelly
 34139 | Lair:5   | Found a staircase to the Slime Pits.
 34140 | Lair:5   | Noticed an azure jelly
 34154 | Lair:5   | Killed an azure jelly
 34160 | Lair:5   | Killed an azure jelly
 34761 | D:11     | Killed btbam's ghost
 35071 | D:12     | Found Intut's Weapon Shop.
 35089 | D:12     | Identified the +10 quarterstaff "Jaysawn" {vorpal, Int+9}
 36618 | D:14     | Identified the +3 leather armour of Omission {rElec rC-
                  | Str+4}
 37334 | D:14     | Identified the +1 leather armour "Yhyup" {Contam rElec rN+
                  | MP+9}
 37609 | D:14     | Found a gate to the Vaults.
 38154 | D:14     | Reached ***** piety under Ashenzari
 38833 | D:15     | Entered Level 15 of the Dungeon
 38987 | D:15     | Found a transporter.
 38987 | D:15     | Found a transporter.
 38988 | D:15     | Noticed Toli's ghost (journeyman DsGl)
 38998 | D:15     | Noticed a fire giant
 39000 | D:15     | Identified the +8 great mace of Kuapt {pain, Fly Dex+3}
 39000 | D:15     | Identified the +10 great mace of Wisdom {freeze, Fragile
                  | rN+ Dex+4 Stlth+}
 39014 | D:15     | Found a flickering gateway to a bazaar.
 39023 | Bazaar   | Entered a bazaar
 39023 | Bazaar   | Found Witod's Antique Weapon Shop.
 39023 | Bazaar   | Found Culanyi's General Store.
 39089 | Bazaar   | Found Ridaxe's Antique Armour Shop.
 39135 | Bazaar   | Bought a pair of ichor-stained gloves for 256 gold pieces
 39135 | Bazaar   | Identified the +0 pair of gloves of Temperance {rF+ Int+3}
                  | (You bought it in a shop in a bazaar)
 39135 | Bazaar   | Bought a pair of runed boots for 202 gold pieces
 39160 | Bazaar   | Bought a pair of runed gloves for 202 gold pieces
 39199 | Bazaar   | Bought 2 datura-tipped darts for 12 gold pieces
 39250 | D:15     | Noticed a fire giant
 39304 | D:15     | Killed a fire giant
 39336 | D:15     | Killed a fire giant
 39337 | D:15     | Reached XP level 16. HP: 65/130 MP: 34/34
 39651 | D:15     | Found a staircase to the Depths.
 40246 | D:15     | Killed Toli's ghost
 40249 | D:15     | Reached skill level 12 in Invocations
 40484 | Shoals:1 | Entered Level 1 of the Shoals
 40655 | Shoals:1 | Gained mutation: You occasionally lose the ability to read
                  | scrolls when taking damage. [potion of mutation]
 40655 | Shoals:1 | Gained mutation: You are robust. (+10% HP) [potion of
                  | mutation]
 40655 | Shoals:1 | Gained mutation: Your spells are a little harder to cast,
                  | but a little more powerful. [potion of mutation]
 40656 | Shoals:1 | Lost mutation: You occasionally lose the ability to read
                  | scrolls when taking damage. [potion of mutation]
 40656 | Shoals:1 | Lost mutation: Your spells are a little harder to cast, but
                  | a little more powerful. [potion of mutation]
 40656 | Shoals:1 | Lost mutation: You are robust. (+10% HP) [potion of
                  | mutation]
 40656 | Shoals:1 | Gained mutation: Your flesh is heat resistant. (rF+)
                  | [potion of mutation]
 40656 | Shoals:1 | Gained mutation: You are covered in fur. (AC +1) [potion of
                  | mutation]
 40656 | Shoals:1 | Gained mutation: Your flesh is cold resistant. (rC+)
                  | [potion of mutation]
 43021 | Shoals:2 | Noticed a kraken
 43407 | Shoals:2 | Killed a kraken
 43551 | Shoals:2 | Identified the +9 mace of the Big Fish {flame, Drain rC+
                  | Str+3 Int+2}
 43660 | Shoals:2 | Identified the +2 robe of Marbles {*Corrode rElec rN++
                  | Stlth+}
 44089 | Shoals:2 | Noticed a kraken
 44102 | Shoals:2 | Killed a kraken
 44444 | Shoals:2 | Noticed a kraken
 44451 | Shoals:2 | Killed a kraken
 44462 | Shoals:2 | Noticed a kraken
 44595 | Shoals:2 | Killed a kraken
 44801 | Abyss:2  | Found a corrupted altar of Lugonu.
 44801 | Abyss:2  | Cast into level 2 of the Abyss (merfolk impaler)
 44998 | Abyss:2  | Found a transporter.
 45002 | Abyss:2  | Found a transporter.
 45002 | Abyss:2  | Noticed a tentacled starspawn
 45002 | Abyss:2  | Identified the ring of the Open Hand {Ice Will++ SInv}
 45002 | Abyss:2  | Identified the +3 ring mail of Greed {Regen+ MP+9 Stlth+}
 45008 | Abyss:2  | Found a corrupted altar of Lugonu.
 45012 | Abyss:2  | Noticed a tentacled starspawn
 45025 | Abyss:2  | Noticed a tentacled monstrosity
 45030 | Abyss:2  | Paralysed by accursed screaming for 1 turns
 45041 | Abyss:2  | Noticed a tentacled starspawn
 45259 | Abyss:2  | Noticed a bone dragon
 45293 | Shoals:2 | Escaped the Abyss
 45503 | Slime:1  | Entered Level 1 of the Pits of Slime
 45503 | Slime:1  | Noticed a rockslime
 45560 | Snake:1  | Entered Level 1 of the Snake Pit
 46113 | Snake:1  | Reached XP level 17. HP: 119/133 MP: 30/34
 46639 | Snake:1  | Reached skill level 10 in Conjurations
 46639 | Snake:1  | Reached skill level 10 in Hexes
 46639 | Snake:1  | Reached skill level 10 in Summonings
 46639 | Snake:1  | Reached skill level 10 in Necromancy
 46639 | Snake:1  | Reached skill level 10 in Translocations
 46639 | Snake:1  | Reached skill level 10 in Transmutations
 46639 | Snake:1  | Reached skill level 10 in Fire Magic
 46639 | Snake:1  | Reached skill level 10 in Ice Magic
 46639 | Snake:1  | Reached skill level 10 in Air Magic
 46639 | Snake:1  | Reached skill level 10 in Earth Magic
 46639 | Snake:1  | Reached skill level 10 in Poison Magic
 47442 | Snake:1  | Learned a level 2 spell: Ensorcelled Hibernation
 47801 | Snake:2  | Reached skill level 13 in Invocations
 48544 | Snake:2  | Found Noosheq's Jewellery Boutique.
 48551 | Snake:2  | Bought the ring "Ewiraze" {rElec rN+ Int+3 SInv Stlth+} for
                  | 662 gold pieces
 49657 | Snake:3  | Found a transporter.
 49657 | Snake:3  | Identified the ring "Seckysy" {Fire rElec Int+4 Dex+4}
 49712 | Snake:3  | Found a transporter.
 50684 | Snake:4  | Entered Level 4 of the Snake Pit
 51558 | Snake:4  | Learned a level 6 spell: Simulacrum
 52071 | Snake:4  | Reached XP level 18. HP: 144/149 MP: 26/38
 52975 | Snake:4  | Got a serpentine rune of Zot
 53622 | Elf:1    | Entered Level 1 of the Elven Halls
 53671 | Elf:1    | Paralysed by an air elemental for 1 turns
 53895 | Elf:1    | Reached skill level 14 in Invocations
 53914 | Elf:1    | Found Plog's Distillery.
 54041 | Elf:1    | Found Orrinkue's Antique Weapon Shoppe.
 54072 | Elf:1    | Found a huge runed gate.
 54072 | Elf:1    | Found a huge runed gate.
 54072 | Elf:1    | Found a huge runed gate.
 54073 | Elf:1    | Found a huge runed gate.
 54073 | Elf:1    | Found a huge runed gate.
 54073 | Elf:1    | Found a huge runed gate.
 54074 | Elf:1    | Found a huge runed gate.
 54074 | Elf:1    | Found a huge runed gate.
 54074 | Elf:1    | Found a huge runed gate.
 54075 | Elf:1    | Found a huge runed gate.
 54076 | Elf:1    | Found a huge runed gate.
 54077 | Elf:1    | Found a huge runed gate.
 54405 | Elf:1    | Found a huge runed gate.
 54405 | Elf:1    | Found a huge runed gate.
 54405 | Elf:1    | Found a huge runed gate.
 54405 | Elf:1    | Found a huge runed gate.
 54405 | Elf:1    | Found a huge runed gate.
 54405 | Elf:1    | Found a huge runed gate.
 54405 | Elf:1    | Found a huge runed gate.
 54406 | Elf:1    | Found a huge runed gate.
 54407 | Elf:1    | Found a huge runed gate.
 54407 | Elf:1    | Found a huge runed gate.
 54408 | Elf:1    | Found a huge runed gate.
 54410 | Elf:1    | Found a huge runed gate.
 54411 | Elf:1    | Found a huge runed gate.
 54412 | Elf:1    | Found a huge runed gate.
 54415 | Elf:1    | Found a huge runed gate.
 54418 | Elf:1    | Found a huge runed gate.
 54419 | Elf:1    | Found a huge runed gate.
 54441 | Elf:1    | Noticed a hellephant
 54442 | Elf:1    | Noticed a hellephant
 54825 | Elf:1    | Identified the cursed +1 hat "I Foresaw This" {Cun, Bglg}
                  | (You found it on level 5 of the Lair of Beasts)
 54825 | Elf:1    | Identified the cursed +2 pair of gloves of Ashenzari's
                  | Augurer {Stlth+, Melee, Comp} (You bought it in a shop in a
                  | bazaar)
 54825 | Elf:1    | Identified the cursed +1 pair of boots of Ashenzari's Sybil
                  | {Stlth+, Evo, Elem} (You bought it in a shop in a bazaar)
 54957 | Elf:1    | Learned a level 6 spell: Iron Shot
 55405 | Elf:1    | Killed a hellephant
 55763 | Elf:1    | Killed a hellephant
 56020 | Elf:1    | Found Yssol's Distillery.
 56326 | Elf:1    | Paralysed by a floating eye for 4 turns
 56487 | Elf:1    | Identified the +11 long sword of Royalism {elec, Fly rF+}
 56493 | Elf:1    | Paralysed by you for 4 turns
 56504 | Elf:1    | Paralysed by you for 2 turns
 56761 | Elf:2    | Found a flickering gateway to a bazaar.
 56768 | Bazaar   | Entered a bazaar
 56779 | Bazaar   | Found Ytwibew's Distillery.
 56785 | Bazaar   | Found Ycsix's Assorted Antiques.
 56791 | Bazaar   | Bought a scroll labelled AKEK HUTURPH for 19 gold pieces
 56796 | Bazaar   | Bought a crude tin ring for 95 gold pieces
 56796 | Bazaar   | Identified the ring "Inoabbag" {rPois rC+ Int+5 Dex-3} (You
                  | bought it in a shop in a bazaar)
 56804 | Bazaar   | Found Utigifa's Distillery.
 56821 | Bazaar   | Found Maut's Armour Shop.
 56855 | Bazaar   | Bought a potion of heal wounds for 45 gold pieces
 56979 | Elf:2    | Reached XP level 19. HP: 146/155 MP: 35/39
 57753 | Elf:2    | Reached skill level 15 in Spellcasting
 57967 | Elf:2    | Found a huge runed translucent gate.
 57967 | Elf:2    | Found a huge runed translucent gate.
 57967 | Elf:2    | Found a huge runed translucent gate.
 57967 | Elf:2    | Found a huge runed translucent gate.
 57968 | Elf:2    | Found a huge runed translucent gate.
 59088 | Elf:2    | Learned a level 4 spell: Animate Armour
 60108 | Elf:3    | Entered Level 3 of the Elven Halls
 60110 | Elf:3    | Found Tukhleemme's Distillery.
 60126 | Elf:3    | Paralysed by an air elemental for 1 turns
 60387 | Elf:3    | Bought a potion of heal wounds for 70 gold pieces
 60387 | Elf:3    | Bought a potion of heal wounds for 70 gold pieces
 60633 | Elf:3    | Reached skill level 15 in Throwing
 61041 | Elf:3    | Identified the +7 war axe of Zumnufye {holy, rElec rF+
                  | Str-2 Dex+4}
 61188 | Elf:3    | Identified the +3 troll leather armour "Jebachen" {rElec
                  | rPois Will+ Regen+ Stlth+}
 61547 | Elf:3    | Noticed a Hell Sentinel
 61549 | Elf:3    | Identified the +3 falchion "Sugh" {vamp, rF+ rCorr Str-5
                  | Int+6}
 61788 | Elf:3    | Reached skill level 15 in Invocations
 61851 | Elf:3    | Identified the +9 great mace "Jynoluj" {spect, rF+ Str+3}
 61856 | Elf:3    | Identified the ring "Cyuhag" {rPois Str+2}
 62122 | Elf:3    | Identified the +0 scale mail of Too Many Cooks {Dex+3}
 62147 | Elf:3    | Identified the +4 ring mail "Qimpoor" {Harm +Blink}
 62148 | Elf:3    | Identified Uggoog's Foundations of Rites and Rhymes
 62149 | Elf:3    | Identified the +1 chain mail of Space {Str+5}
 62166 | Elf:3    | Identified the +7 rapier of Havoc {antimagic, rN+ Dex+2
                  | SInv}
 62429 | D:12     | Bought the +12 rapier of Uskayaw's Esteem {antimagic, rN+
                  | Str-3 Int+2} for 1054 gold pieces
 62715 | Shoals:2 | Reached XP level 20. HP: 164/165 MP: 42/42
 63172 | Shoals:2 | Identified the Directory of Mad Ravings
 63179 | Shoals:2 | Identified the ring of Purujusior {Will+ Str+4 Int+3 Dex-3}
 63947 | Shoals:3 | Noticed Mara
 63949 | Shoals:3 | Noticed Du3lingdragon's illusion
 63979 | Shoals:2 | Killed Mara
 64840 | Shoals:3 | Identified the +5 great mace "Assuphis" {vorpal, rPois}
 64926 | Shoals:3 | Found Dutyofes's Antique Weapon Boutique.
 65368 | Shoals:4 | Entered Level 4 of the Shoals
 65736 | Shoals:4 | Identified the +5 shortbow "Exkit" {vorpal, rF++ Str+4
                  | Dex+5}
 66021 | Shoals:4 | Reached skill level 15 in Staves
 66103 | Shoals:4 | Got a barnacled rune of Zot
 67365 | Vaults:1 | Entered Level 1 of the Vaults
 67408 | Vaults:1 | Found Joopiq's Antique Weapon Shop.
 67637 | Vaults:1 | Reached XP level 21. HP: 180/180 MP: 45/45
 68262 | Vaults:1 | Reached skill level 16 in Invocations
 68384 | Vaults:1 | Reached skill level 15 in Fighting
 68384 | Vaults:1 | Reached skill level 15 in Armour
 68539 | Vaults:1 | Found Qehemass's Antique Armour Shop.
 68668 | Vaults:1 | Found Tottuonn's General Store.
 69535 | Vaults:2 | Found a flickering gateway to a bazaar.
 69541 | Bazaar   | Entered a bazaar
 69555 | Bazaar   | Found Pyget's Jewellery Boutique.
 69573 | Bazaar   | Found Saril's Antique Armour Emporium.
 69591 | Bazaar   | Found Winwas's Antique Armour Boutique.
 69608 | Bazaar   | Found Muawaus's Jewellery Shoppe.
 69646 | Bazaar   | Bought a glowing hat for 196 gold pieces
 69826 | Vaults:2 | Found a staircase to the Crypt.
 70020 | Vaults:2 | Found Jaumeh's Armour Shop.
 70125 | Vaults:2 | Reached skill level 15 in Short Blades
 70125 | Vaults:2 | Reached skill level 15 in Long Blades
 70125 | Vaults:2 | Reached skill level 15 in Axes
 70125 | Vaults:2 | Reached skill level 15 in Maces & Flails
 70125 | Vaults:2 | Reached skill level 15 in Polearms
 70125 | Vaults:2 | Reached skill level 15 in Ranged Weapons
 70125 | Vaults:2 | Reached skill level 15 in Dodging
 70125 | Vaults:2 | Reached skill level 15 in Stealth
 70125 | Vaults:2 | Reached skill level 15 in Shields
 70125 | Vaults:2 | Reached skill level 15 in Unarmed Combat
 70125 | Vaults:2 | Reached skill level 15 in Evocations
 70156 | Vaults:2 | Found Qayt Tae's Jewellery Shoppe.
 70256 | Vaults:2 | Learned a level 7 spell: Storm Form
 70436 | Vaults:2 | Identified the cursed scarf "Chained Together" {rC+ rF+,
                  | Alch, Self} (You found it on level 15 of the Dungeon)
 71422 | Vaults:2 | Bought a +0 helmet of intelligence for 184 gold pieces
 71558 | Crypt:1  | Entered Level 1 of the Crypt
 72015 | Crypt:1  | Reached XP level 22. HP: 190/190 MP: 47/47
 72214 | Crypt:1  | Noticed Jory
 72228 | Crypt:1  | Killed Jory
 72566 | Crypt:1  | Gained mutation: You are frail. (-10% HP) [you]
 73182 | Vaults:3 | Found a crumbling gateway.
 73193 | Desolati | Entered the Desolation of Salt
 73232 | Desolati | Identified the ring "Qefu Kowk" {Fire rElec Stlth+}
 73233 | Desolati | Identified the +4 trident of Betsyi {holy, rF+ rN+ Int-2}
 73261 | Desolati | Identified the ring "Orumovvu" {Will+ Int+6 Dex+3}
 73261 | Desolati | Identified the +3 war axe "Irriwn" {holy, Int+4}
 73559 | Desolati | Identified the +2 ice dragon scales of the Nine Leaping
                  | Runes {rF- rC++ Dex+2}
 73561 | Desolati | Identified the +0 gold dragon scales of Lethargy {rElec
                  | rPois rF+ rC+ Str+2 Int-5}
 73836 | Desolati | Identified the -1 kite shield of the Game Afoot {Will++
                  | MP+9 Str-3 Dex+3}
 73838 | Desolati | Identified Effud's Guide on the Impact
 73838 | Desolati | Identified the amulet "Ynukle" {Reflect Will++ rCorr Str-5
                  | SH+5 SInv}
 73911 | Desolati | Found the +2 hood of the Assassin {Detection Stab+ Stlth++}
 74317 | Vaults:3 | Reached skill level 15 in Fire Magic
 74826 | Vaults:3 | Reached skill level 17 in Invocations
 75033 | Vaults:3 | Identified the +8 broad axe "Kedooz" {flame, Fragile Str+2
                  | Dex+4}
 75157 | Vaults:3 | Identified the +0 pair of boots "Velishes" {rN+ Will+ MP+9}
 76374 | Vaults:4 | Identified the +1 chain mail of Lilacs {rElec Str+3}
 76521 | Vaults:4 | Learned a level 5 spell: Manifold Assault
 76528 | Vaults:4 | Learned a level 6 spell: Death Channel
 76690 | Vaults:4 | Reached XP level 23. HP: 131/180 MP: 5/49
 78766 | Vaults:5 | Entered Level 5 of the Vaults
 78790 | Vaults:5 | Noticed a dread lich
 79778 | Elf:1    | Bought a potion of haste for 200 gold pieces
 79778 | Elf:1    | Bought a potion of invisibility for 160 gold pieces
 79778 | Elf:1    | Bought a potion of might for 80 gold pieces
 80676 | Vaults:5 | Lost mutation: You are frail. (-10% HP) [a cacodemon]
 80921 | Vaults:4 | Reached ****** piety under Ashenzari
 80925 | Vaults:5 | Noticed a dread lich
 81338 | Vaults:4 | Killed a dread lich
 81567 | Vaults:5 | Noticed a dread lich
 81634 | Vaults:4 | Killed a dread lich
 82032 | Vaults:3 | Killed a dread lich
 82551 | Vaults:5 | Identified a scroll of acquirement
 82567 | Vaults:5 | Reached skill level 18 in Invocations
 82567 | Vaults:5 | Reached XP level 24. HP: 92/213 MP: 4/50
 83023 | Vaults:5 | Found Waju's Antique Armour Shoppe.
 83031 | Vaults:5 | Found Tesasis's General Store.
 83033 | Vaults:5 | Found Dykiqeh's Distillery.
 83121 | Vaults:5 | Found Guepeop's General Store.
 83683 | Vaults:5 | Bought a scroll of teleportation for 54 gold pieces
 83698 | Vaults:5 | Bought a potion of brilliance for 52 gold pieces
 83698 | Vaults:5 | Bought a potion of haste for 130 gold pieces
 83698 | Vaults:5 | Bought 2 potions of haste for 260 gold pieces
 83698 | Vaults:5 | Bought a potion of heal wounds for 65 gold pieces
 83698 | Vaults:5 | Bought a potion of berserk rage for 65 gold pieces
 83699 | Vaults:5 | Acquired 815 gold pieces
 83767 | Vaults:5 | Bought a potion of brilliance for 68 gold pieces
 83767 | Vaults:5 | Bought a scroll of teleportation for 51 gold pieces
 84044 | Vaults:5 | Got a silver rune of Zot
 84146 | Vaults:5 | Bought a potion of might for 52 gold pieces
 84146 | Vaults:5 | Bought a potion of mutation for 104 gold pieces
 84146 | Vaults:5 | Bought a potion of mutation for 104 gold pieces
 84524 | Elf:3    | Bought a potion of invisibility for 112 gold pieces
 84524 | Elf:3    | Bought a potion of ambrosia for 112 gold pieces
 84524 | Elf:3    | Bought a potion of curing for 42 gold pieces
 84524 | Elf:3    | Bought a potion of might for 56 gold pieces
 84560 | Elf:1    | Bought a potion of berserk rage for 100 gold pieces
 84560 | Elf:1    | Bought a potion of curing for 60 gold pieces
 84560 | Elf:1    | Bought a potion of magic for 160 gold pieces
 84754 | Slime:1  | Gained mutation: You are clumsy. (Dex -2) [a shining eye]
 84985 | Lair:5   | Learned a level 2 spell: Blink
 84994 | Lair:5   | Learned a level 8 spell: Discord
 85001 | Slime:1  | Gained mutation: Your body sometimes deteriorates upon
                  | taking damage. [a shining eye]
 85002 | Slime:1  | Lost mutation: You are covered in fur. (AC +1) [a shining
                  | eye]
 85004 | Slime:1  | Gained mutation: Potions are less effective at restoring
                  | your health. [a shining eye]
 85615 | D:15     | Found a shimmering altar of Xom.
 85979 | Depths:1 | Entered Level 1 of the Depths
 85983 | Depths:1 | Found a transporter.
 86003 | Depths:1 | Found a transporter.
 86022 | Depths:1 | Found a transporter.
 86037 | Depths:1 | Found a transporter.
 86616 | Depths:1 | Found a corrupted altar of Lugonu.
 86618 | Depths:1 | Found a one-way gate to the infinite horrors of the Abyss.
 86956 | Depths:1 | Found a gateway to Hell.
 87262 | Depths:1 | Found a shimmering blue altar of Sif Muna.
 87568 | Depths:2 | Noticed a juggernaut
 87582 | Depths:2 | Killed a juggernaut
 87752 | Depths:2 | Noticed a juggernaut
 87771 | Depths:2 | Killed a juggernaut
 88367 | Depths:2 | Found a one-way gate leading to the halls of Pandemonium.
 90403 | Depths:3 | Lost mutation: Your flesh is heat resistant. (rF+) [potion
                  | of mutation]
 90403 | Depths:3 | Lost mutation: Your body sometimes deteriorates upon taking
                  | damage. [potion of mutation]
 90404 | Depths:3 | Lost mutation: Potions are less effective at restoring your
                  | health. [potion of mutation]
 90404 | Depths:3 | Lost mutation: Your flesh is cold resistant. (rC+) [potion
                  | of mutation]
 90404 | Depths:3 | Lost mutation: You are clumsy. (Dex -2) [potion of
                  | mutation]
 90404 | Depths:3 | Gained mutation: Your spells are a little easier to cast,
                  | but a little less powerful. [potion of mutation]
 90404 | Depths:3 | Gained mutation: You have sharp toenails. [potion of
                  | mutation]
 90404 | Depths:3 | Gained mutation: You possess an exceptional clarity of
                  | mind. [potion of mutation]
 90405 | Depths:3 | Lost mutation: You possess an exceptional clarity of mind.
                  | [potion of mutation]
 90405 | Depths:3 | Lost mutation: You have sharp toenails. [potion of
                  | mutation]
 90405 | Depths:3 | Gained mutation: You sometimes lose your temper in combat.
                  | [potion of mutation]
 90405 | Depths:3 | Gained mutation: You are agile. (Dex +4, Str/Int -1)
                  | [potion of mutation]
 90406 | Depths:3 | Lost mutation: You are agile. (Dex +4, Str/Int -1) [potion
                  | of mutation]
 90406 | Depths:3 | Lost mutation: Your spells are a little easier to cast, but
                  | a little less powerful. [potion of mutation]
 90406 | Depths:3 | Gained mutation: You occasionally lose the ability to read
                  | scrolls when taking damage. [potion of mutation]
 90406 | Depths:3 | Gained mutation: You have a somewhat thin skeletal
                  | structure. (Dex +2, Stealth+) [potion of mutation]
 90407 | Depths:3 | Lost mutation: You sometimes lose your temper in combat.
                  | [potion of mutation]
 90407 | Depths:3 | Lost mutation: You have a somewhat thin skeletal structure.
                  | (Dex +2, Stealth+) [potion of mutation]
 90407 | Depths:3 | Lost mutation: You occasionally lose the ability to read
                  | scrolls when taking damage. [potion of mutation]
 90407 | Depths:3 | Gained mutation: You have sharp toenails. [potion of
                  | mutation]
 90407 | Depths:3 | Lost mutation: You have sharp toenails. [potion of
                  | mutation]
 90408 | Depths:3 | Gained mutation: Your body sometimes deteriorates upon
                  | taking damage. [potion of mutation]
 90408 | Depths:3 | Gained mutation: Your flesh is heat resistant. (rF+)
                  | [potion of mutation]
 90490 | Depths:3 | Found a runed translucent door.
 90490 | Depths:3 | Noticed Pikuto's ghost (adept MiBe)
 90549 | Depths:3 | Found a one-way gateway to a ziggurat.
 90799 | Depths:3 | Killed Pikuto's ghost
 91221 | Zig:1    | Entered Level 1 of a ziggurat
 91372 | Zig:2    | Entered Level 2 of a ziggurat
 91644 | Zig:3    | Entered Level 3 of a ziggurat
 91664 | Zig:3    | Reached XP level 25. HP: 209/219 MP: 31/50
 91763 | Zig:4    | Entered Level 4 of a ziggurat
 91879 | Zig:4    | Identified the ring of Titaomaa {Wiz rElec rN+ Str-4}
 91998 | Zig:5    | Entered Level 5 of a ziggurat
 92002 | Zig:5    | Identified the ring "Tayrho Ariq" {Contam Drain rF+ rC+
                  | Int+8}
 92006 | Zig:5    | Noticed a royal mummy
 92006 | Zig:5    | Noticed a royal mummy
 92391 | Depths:3 | Identified the ring "Pevvis" {Fly rPois Str+4}
 92985 | Depths:4 | Entered Level 4 of the Depths
 93005 | Depths:4 | Noticed a juggernaut
 93265 | Depths:4 | Found a gate to the Realm of Zot.
 93821 | Depths:4 | Reached skill level 19 in Invocations
 94053 | Depths:4 | Reached skill level 15 in Conjurations
 94053 | Depths:4 | Reached skill level 15 in Hexes
 94053 | Depths:4 | Reached skill level 15 in Summonings
 94053 | Depths:4 | Reached skill level 15 in Necromancy
 94053 | Depths:4 | Reached skill level 15 in Translocations
 94053 | Depths:4 | Reached skill level 15 in Transmutations
 94053 | Depths:4 | Reached skill level 15 in Ice Magic
 94053 | Depths:4 | Reached skill level 15 in Air Magic
 94053 | Depths:4 | Reached skill level 15 in Earth Magic
 94053 | Depths:4 | Reached skill level 15 in Poison Magic
 94070 | Depths:4 | Identified the ring "Umoreati" {Will+ Str-4 Dex+2 Stlth+}
 94419 | Zot:1    | Entered Level 1 of the Realm of Zot
 94779 | Zot:1    | Noticed a Killer Klown
 96196 | Zot:1    | Killed a Killer Klown
 97090 | Zot:1    | Learned a level 7 spell: Orb of Destruction
 97835 | Zot:2    | Reached XP level 26. HP: 231/231 MP: 45/52
 98108 | Zot:2    | Identified the +8 dagger of Fuss {freeze, *Corrode rC+ rN+
                  | Str+4}
 98955 | Zot:2    | Noticed an orb of fire
 98962 | Zot:2    | Gained mutation: Your body often deteriorates upon taking
                  | damage. [an orb of fire]
 98963 | Zot:2    | Gained mutation: You occasionally lose the ability to drink
                  | potions when taking damage. [an orb of fire]
 98965 | Zot:2    | Gained mutation: You possess an exceptional clarity of
                  | mind. [an orb of fire]
 98969 | Zot:2    | Gained mutation: You are weak. (Str -2) [an orb of fire]
 98984 | Zot:2    | Killed an orb of fire
 99106 | Zot:2    | Lost mutation: You are weak. (Str -2) [potion of mutation]
 99106 | Zot:2    | Lost mutation: You possess an exceptional clarity of mind.
                  | [potion of mutation]
 99106 | Zot:2    | Lost mutation: Your body often deteriorates upon taking
                  | damage. [potion of mutation]
 99106 | Zot:2    | Gained mutation: You sometimes lose the ability to drink
                  | potions when taking damage. [potion of mutation]
 99106 | Zot:2    | Gained mutation: You are somewhat resistant to further
                  | mutation. [potion of mutation]
 99749 | Elf:3    | Bought a potion of mutation for 112 gold pieces
 99749 | Elf:3    | Bought a potion of mutation for 112 gold pieces
 99749 | Elf:3    | Bought 2 potions of curing for 84 gold pieces
 99749 | Elf:3    | Bought a potion of mutation for 112 gold pieces
100990 | Zot:3    | Noticed a Killer Klown
101024 | Zot:3    | Identified the +5 scale mail "Suqiliyd" {Fly Regen+ Stlth+}
101036 | Zot:3    | Killed a Killer Klown
101614 | Zot:3    | Noticed Grunn
101625 | Zot:3    | Killed Grunn
102192 | Zot:4    | Reached skill level 20 in Invocations
102340 | Zot:4    | Noticed a Killer Klown
102342 | Zot:4    | Noticed a Killer Klown
102650 | Zot:4    | Noticed a Killer Klown
102652 | Zot:4    | Noticed a Killer Klown
102660 | Zot:4    | Killed a Killer Klown
102667 | Zot:4    | Killed a Killer Klown
102674 | Zot:4    | Killed a Killer Klown
102846 | Zot:4    | Lost mutation: Your flesh is heat resistant. (rF+) [potion
                  | of mutation]
102846 | Zot:4    | Lost mutation: You sometimes lose the ability to drink
                  | potions when taking damage. [potion of mutation]
102846 | Zot:4    | Lost mutation: You are somewhat resistant to further
                  | mutation. [potion of mutation]
102846 | Zot:4    | Lost mutation: Your body sometimes deteriorates upon taking
                  | damage. [potion of mutation]
102846 | Zot:4    | Gained mutation: You expend magic power (3 MP) to
                  | strengthen your wands. [potion of mutation]
102847 | Zot:4    | Lost mutation: You expend magic power (3 MP) to strengthen
                  | your wands. [potion of mutation]
102847 | Zot:4    | Lost mutation: You occasionally lose the ability to drink
                  | potions when taking damage. [potion of mutation]
102847 | Zot:4    | Gained mutation: Armour fits poorly on your strangely
                  | shaped body. [potion of mutation]
102847 | Zot:4    | Gained mutation: A frigid envelope surrounds you and
                  | freezes all who hurt you. [potion of mutation]
102847 | Zot:4    | Gained mutation: Your flesh is heat resistant. (rF+)
                  | [potion of mutation]
102847 | Zot:4    | Gained mutation: Your flesh is cold resistant. (rC+)
                  | [potion of mutation]
102963 | Zot:4    | Killed a Killer Klown
102964 | Zot:4    | Reached XP level 27. HP: 235/240 MP: 15/52
104080 | Zot:4    | Noticed a dread lich
104114 | Zot:4    | Killed a dread lich
104568 | Crypt:3  | Entered Level 3 of the Crypt
105984 | Crypt:3  | Identified the cursed +3 buckler "Loss of the Cosmic Seer"
                  | {rC+, Evo, Bglg} (You took it off a spriggan defender on
                  | level 2 of the Depths)
106312 | Crypt:3  | Identified the Octavo of the Brume
106362 | Crypt:3  | Found a staircase to the Tomb.
106368 | Crypt:3  | Noticed a dread lich
106370 | Crypt:3  | Found a basalt altar of Yredelemnul.
106384 | Crypt:3  | Killed a dread lich
106904 | Crypt:3  | Identified the Lectures on Shadows
108364 | Crypt:3  | Learned a level 7 spell: Ozocubu's Refrigeration
109287 | Zot:5    | Entered Level 5 of the Realm of Zot
109541 | Zot:5    | Noticed a dread lich
110072 | Zot:5    | Noticed an orb of fire
110077 | Zot:5    | Noticed an orb of fire
110077 | Zot:5    | Gained mutation: You occasionally shout uncontrollably at
                  | your foes. [an orb of fire]
110081 | Zot:5    | Gained mutation: You are frail. (-10% HP) [an orb of fire]
110094 | Zot:5    | Gained mutation: You occasionally lose the ability to drink
                  | potions when taking damage. [an orb of fire]
110098 | Zot:5    | Gained mutation: You sometimes lose the ability to drink
                  | potions when taking damage. [an orb of fire]
110265 | Zot:4    | Lost mutation: You occasionally shout uncontrollably at
                  | your foes. [potion of mutation]
110265 | Zot:4    | Lost mutation: You sometimes lose the ability to drink
                  | potions when taking damage. [potion of mutation]
110265 | Zot:4    | Lost mutation: A frigid envelope surrounds you and freezes
                  | all who hurt you. [potion of mutation]
110265 | Zot:4    | Gained mutation: You are dopey. (Int -2) [potion of
                  | mutation]
110265 | Zot:4    | Gained mutation: Your flesh is very cold resistant. (rC++)
                  | [potion of mutation]
110266 | Zot:4    | Lost mutation: Your flesh is heat resistant. (rF+) [potion
                  | of mutation]
110266 | Zot:4    | Lost mutation: You are frail. (-10% HP) [potion of
                  | mutation]
110266 | Zot:4    | Lost mutation: You occasionally lose the ability to drink
                  | potions when taking damage. [potion of mutation]
110266 | Zot:4    | Gained mutation: You are partially covered in large bone
                  | plates. (SH +4) [potion of mutation]
110410 | Zot:5    | Gained mutation: Your system is resistant to poisons.
                  | (rPois) [an orb of fire]
110414 | Zot:5    | Gained mutation: You occasionally shout uncontrollably at
                  | your foes. [an orb of fire]
110415 | Zot:5    | Gained mutation: You are frail. (-10% HP) [an orb of fire]
110417 | Zot:5    | Gained mutation: A frigid envelope surrounds you and
                  | freezes all who hurt you. [an orb of fire]
110436 | Zot:4    | Killed an orb of fire
110525 | Zot:5    | Gained mutation: You have hidden genetic defects. [an orb
                  | of fire]
110548 | Zot:5    | Killed an orb of fire
110551 | Zot:5    | Lost mutation: Your system is resistant to poisons. (rPois)
                  | [potion of mutation]
110551 | Zot:5    | Lost mutation: You are frail. (-10% HP) [potion of
                  | mutation]
110551 | Zot:5    | Lost mutation: You occasionally shout uncontrollably at
                  | your foes. [potion of mutation]
110552 | Zot:5    | Lost mutation: You are dopey. (Int -2) [potion of mutation]
110552 | Zot:5    | Lost mutation: A frigid envelope surrounds you and freezes
                  | all who hurt you. [potion of mutation]
110552 | Zot:5    | Gained mutation: You expend magic power (3 MP) to
                  | strengthen your wands. [potion of mutation]
110552 | Zot:5    | Gained mutation: You have sharp fingernails. [potion of
                  | mutation]
110552 | Zot:5    | Gained mutation: You are strong-willed. (Will+) [potion of
                  | mutation]
110854 | Zot:5    | Reached skill level 21 in Invocations
110882 | Zot:5    | Killed a dread lich
111184 | Zot:5    | Gained mutation: Your spells are a little easier to cast,
                  | but a little less powerful. [hidden defects]
111187 | Zot:5    | Got the Orb of Zot
111191 | Zot:5    | Gained mutation: You sometimes lose your temper in combat.
                  | [mutagenic glow]
111499 | Depths:2 | Noticed Jeineoma the pandemonium lord
111935 | D:$      | Escaped with the Orb!

Illustrated notes

Levels and vault maps discovered:
D:1:      nicolae_arrival_memento_mori, layout_rooms
D:2:      layout_loops_ring, hellmonk_ecumenical_altar_zigzags, serial_undead,
          serial_undead_d, serial_undead_a, serial_undead_e, serial_undead_e,
          serial_undead_e, serial_undead_b, grunt_decor_mini_mirrors,
          st_stairs_3, nicolae_concentric_dashed_squares_wild
D:3:      layout_loops_ring, minmay_vboxes, uniq_sigmund
D:4:      layout_cave_pools, kennysheep_little_box, lemuel_temple_firewalk_b,
          kennysheep_potato, uniq_natasha
D:5:      layout_basic, chequers_arboretum
D:6:      layout_layer_cave, portal_sewer_entry_d, kennysheep_generic_room_10
D:7:      layout_loops_ring, serial_shops, shop, ebering_ghost_gozag,
          corexii_item_surrounded_by_moat
D:8:      layout_basic, kennysheep_generic_room_7
D:9:      minmay_diamond_stairs, layout_gridville, minmay_fire_ice_demons
D:10:     layout_cave_pools, lair_entry_dummy, ebering_ghost_disaster_area,
          minivault_23, uniq_erolcha, uniq_snorg
D:11:     cheibrodos_grave_circle, layout_long_grid, orc_0_dummy,
          gammafunk_ghost_ooze
D:12:     layout_gridville, serial_shops, shop
D:13:     layout_gridville
D:14:     layout_stronghold, david_vaults_1, hangedman_decor_peaks_small
D:15:     hangedman_depths_entry_civil_slaughter, layout_long_grid,
          xom_teletrap_fun, gammafunk_ghost_smash, serial_shops, bzr_entry_islet
Temple:   mainiacjoe_temple_trianglar_array
Lair:1:   layout_gridlike, uniq_amaemon
Lair:2:   layout_roguey, guppyfry_snake_entry_island, fungi_pond_lemuel,
          nicolae_lair_lil_pond, grunt_forest_small_clearings,
          nicolae_lair_lakeside_cave
Lair:3:   cheibrodos_lair_overgrown_chateau, layout_loops_ring,
          minmay_shoals_entry_lonely_mermaid, infiniplex_staircase_pool_2
Lair:4:   layout_regular_city, uniq_josephine
Lair:5:   grunt_lair_end_beastmaster, layout_misc_corridors, slime_entry_2,
          lemuel_fruit_fields, serial_bayou_shore_b, uniq_sonja, uniq_rupert
Shoals:1: nicolae_shoals_island_circles, layout_shoals, kb_tengu_band
Shoals:2: dreamdust_from_the_deep, layout_shoals,
          nicolae_shoals_lost_giant_temple
Shoals:3: layout_shoals, serial_shops, shop,
          nicolae_shoals_siren_and_animal_friends, uniq_mara
Shoals:4: shoals_end_hellmonk_storm_palace [storm_palace_center_square,
          storm_palace_corner_reverse_hut, storm_palace_corner_narrow,
          storm_palace_corner_reverse_hut, storm_palace_corner_reverse_hut],
          serial_shops
Snake:1:  layout_cave_shapes
Snake:2:  layout_chambers, serial_shops, shop, serial_bayou_shore_a,
          serial_bayou_shore_b, serial_bayou_shore_b, grunt_megastairs_3
Snake:3:  gammafunk_sealed_arena, layout_concentric_octagons,
          corexii_hall_statues_x
Snake:4:  snake_pit, layout_cave_town, st_stairs_12, grunt_megastairs_2
Slime:1:  nicolae_slime_pool, layout_caves
Orc:1:    gammafunk_beogh_shrine, layout_caves
Orc:2:    grunt_orc_cross, layout_diamond_mine, serial_shops,
          nicolae_shop_stone, shop, shop
Elf:1:    nicolae_elf_arrival_no_cutting_in_line, layout_loops_corners,
          serial_shops, shop, shop, nicolae_shop_temple_entry_statues_fountains,
          kennysheep_underground_church, not_door_vault_due
Elf:2:    elven_hall_of_blades_hangedman_alternative
          [infiniplex_blade_entry_pillars], layout_onion_city, serial_shops,
          freezing_bzr, einodemon_armed_red_devil_minivault
Elf:3:    elf_hall, layout_geoelf_octagon, serial_shops,
          nicolae_shop_advertising_works [nicolae_subvault_shop_adworks]
Vaults:1: hangedman_vaults_slice, v_rooms_6, v_misc_15, grunt_vaults_twisty,
          grunt_vaults_hallway_long, hangedman_vaults_river_flow,
          vaults_room_door_hall, layout_vaults_big_room, serial_shops, shop,
          shop, nicolae_lakefront_shop
Vaults:2: grunt_vaults_bifocal, nicolae_vaults_rhombus_7,
          minmay_crypt_entry_simple_corners, hangedman_vaults_nails, v_rooms_1,
          hangedman_vaults_capsules, nicolae_vaults_little_squares_3,
          nicolae_vaults_little_squares_3, ontoclasm_vaults_decontamination,
          v_misc_19, vaults_dpeg_ring, layout_vaults_quadrants, serial_shops,
          bzr_entry_safe, shop, nicolae_shop_trees
Vaults:3: portal_desolation_entry_nicolae_nacl, nicolae_vaults_network_barrier,
          v_misc_10, vaults_mumra_chevron, nicolae_vaults_diagonal_hallway_7,
          v_misc_33, v_rooms_4, nicolae_vaults_sealed_display,
          nicolae_vaults_theta, v_pattern_4, v_misc_16, ontoclasm_vaults_idyll,
          layout_vaults_ring
Vaults:4: ontoclasm_vaults_chip, vaults_dpeg_encased_lava,
          vaults_mumra_chevron_long, hangedman_vaults_corner_blocks,
          ontoclasm_vaults_ring_large, ontoclasm_vaults_ring_square, v_misc_26,
          ontoclasm_vaults_chip, nicolae_vaults_holding_cells,
          ontoclasm_vaults_eye, v_misc_10, hangedman_vaults_slice,
          nicolae_vaults_theta, serial_ice_b, vaults_dpeg_doors,
          layout_vaults_omnibox
Vaults:5: uniq_saint_roka
Crypt:1:  layout_gridlike, small_statue_intersection,
          roderic_lattice_octagonal_star, uniq_jory
Crypt:2:  layout_basic, grunt_ministairs_2, lemuel_elevator, uniq_josephina
Crypt:3:  cryptofortress_bobbens
Depths:1: layout_honeycomb, lemuel_blue_sif_altar, abyss_entry_flame_altar,
          pf_hell_entry_tar_river, roderic_three_in_a_row,
          nicolae_diode_intersection
Depths:2: minmay_dotted_concentric_squares, layout_gridlike, hellmouth_1,
          rand_demon_pan_entry_1, kennysheep_small_circle, grunt_megastairs_4
Depths:3: minmay_tri_box, layout_gridlike, enter_ziggurat_c, abyss_entry,
          roderic_nine_men_s_morris, ebering_ghost_reflecting_pool, hell_entry
Depths:4: grunt_zot_entry_tricorne, layout_gridlike, lightli_too_deep,
          abyss_entry
Zot:1:    grunt_deathspiral_small, layout_onion_interference, st_stairs_10,
          bh_zot_levy_curve, lemuel_flame_loot_1
Zot:2:    layout_twisted_circle, st_single_dragon_hoard_3
Zot:3:    layout_onion_interference, grunt_megastairs_5, uniq_grunn
Zot:4:    ebering_klown_carousel, layout_gridlike
Zot:5:    layout_basic

Skill      XL: |  1  2  3  4  5  6  7  8  9 10 11 12 13 14 15 16 17 18 19 20 21 22 23 24 25 26 27 |
---------------+----------------------------------------------------------------------------------+-----
Invocations    | 1 2 3 4 5 6 7 8 10 11 12 13 14 15 16 17 18 19 20 21 | 21.1
Short Blades   | 1 2 3 5 6 7 8 9 10 11 12 13 14 15 16 17 18 19 | 19.5
Long Blades    | 1 2 3 5 6 7 8 9 10 11 12 13 14 15 16 17 18 19 | 19.5
Axes           | 1 2 3 5 6 7 8 9 10 11 12 13 14 15 16 17 18 19 | 19.5
Maces & Flails | 1 2 3 5 6 7 8 9 10 11 12 13 14 15 16 17 18 19 | 19.5
Polearms       | 1 2 3 5 6 7 8 9 10 11 12 13 14 15 16 17 18 19 | 19.5
Ranged Weapons | 1 2 3 5 6 7 8 9 10 11 12 13 14 15 16 17 18 19 | 19.5
Dodging        | 1 2 3 5 6 7 8 9 10 11 12 13 14 15 16 17 18 19 | 19.5
Stealth        | 1 2 3 5 6 7 8 9 10 11 12 13 14 15 16 17 18 19 | 19.5
Shields        | 1 2 3 5 6 7 8 9 10 11 12 13 14 15 16 17 18 19 | 19.5
Unarmed Combat | 1 2 3 5 6 7 8 9 10 11 12 13 14 15 16 17 18 19 | 19.5
Evocations     | 1 2 3 5 6 7 8 9 10 11 12 13 14 15 16 17 18 19 | 19.5
Conjurations   | 1 2 3 4 5 6 7 8 9 10 11 12 13 14 15 16 | 16.7
Hexes          | 1 2 3 4 5 6 7 8 9 10 11 12 13 14 15 16 | 16.7
Summonings     | 1 2 3 4 5 6 7 8 9 10 11 12 13 14 15 16 | 16.7
Necromancy     | 1 2 3 4 5 6 7 8 9 10 11 12 13 14 15 16 | 16.7
Translocations | 1 2 3 4 5 6 7 8 9 10 11 12 13 14 15 16 | 16.7
Transmutations | 1 2 3 4 5 6 7 8 9 10 11 12 13 14 15 16 | 16.7
Fire Magic     | 1 2 3 4 5 6 7 8 9 10 11 12 13 14 15 16 17 18 19 20 | 20.5
Ice Magic      | 1 2 3 4 5 6 7 8 9 10 11 12 13 14 15 16 | 16.7
Air Magic      | 1 2 3 4 5 6 7 8 9 10 11 12 13 14 15 16 | 16.7
Earth Magic    | 1 2 3 4 5 6 7 8 9 10 11 12 13 14 15 16 | 16.7
Poison Magic   | 1 2 3 4 5 6 7 8 9 10 11 12 13 14 15 16 | 16.7
Fighting       | 3 4 5 6 7 8 9 10 11 12 13 14 15 16 17 18 19 | 19.7
Staves         | 5 6 7 8 9 10 11 12 13 14 15 16 17 18 19 20 | 20.0
Armour         | 3 4 5 6 7 8 9 10 11 12 13 14 15 16 17 18 19 | 19.7
Throwing       | 7 8 9 10 11 12 13 14 15 16 17 18 19 20 | 20.4
Spellcasting   | 8 9 10 11 12 13 14 15 16 17 18 19 20 | 20.5

Action                   |  1- 3 |  4- 6 |  7- 9 | 10-12 | 13-15 | 16-18 | 19-21 | 22-24 | 25-27 || total
-------------------------+-------+-------+-------+-------+-------+-------+-------+-------+-------++-------
Melee: Quarterstaff      |    79 |   129 |   376 |   283 |       |       |       |       |       ||   867
       Bite              |     3 |    11 |    43 |   123 |    58 |    62 |   107 |   169 |   275 ||   851
       Rapier            |       |       |       |   425 |   453 |   420 |   185 |    13 |       ||  1496
       Long sword        |       |       |       |       |       |       |   370 |   844 |  1117 ||  2331
       Unarmed           |       |       |       |       |       |       |    56 |    59 |    60 ||   175
       Punch             |       |       |       |       |       |       |    15 |    13 |    12 ||    40
Throw: Dart              |       |       |       |    47 |    43 |     8 |       |     4 |       ||   102
       Boomerang         |       |       |       |    34 |    16 |    50 |    77 |       |       ||   177
       Javelin           |       |       |       |       |       |       |       |    13 |    21 ||    34
 Cast: Necrotise         |       |       |    16 |     9 |    22 |     3 |       |       |       ||    50
       Mephitic Cloud    |       |       |       |     2 |    16 |     4 |       |       |       ||    22
       Summon Lightning  |       |       |       |    19 |    96 |   117 |    29 |    17 |    23 ||   301
       Freezing Cloud    |       |       |       |       |   107 |   221 |   187 |   177 |   175 ||   867
       Yara's Violent Un |       |       |       |       |    34 |    29 |    17 |    20 |     7 ||   107
       Inner Flame       |       |       |       |       |    51 |    16 |     5 |       |     7 ||    79
       Sting             |       |       |       |       |     8 |       |       |       |       ||     8
       Simulacrum        |       |       |       |       |       |    62 |   158 |   135 |   114 ||   469
       Ensorcelled Hiber |       |       |       |       |       |    26 |       |     2 |       ||    28
       Iron Shot         |       |       |       |       |       |    18 |    30 |    37 |   154 ||   239
       Animate Armour    |       |       |       |       |       |       |    13 |    10 |    15 ||    38
       Apportation       |       |       |       |       |       |       |     1 |       |       ||     1
       Storm Form        |       |       |       |       |       |       |     6 |     4 |     3 ||    13
       Death Channel     |       |       |       |       |       |       |       |    19 |    29 ||    48
       Manifold Assault  |       |       |       |       |       |       |       |     6 |       ||     6
       Orb of Destructio |       |       |       |       |       |       |       |       |    31 ||    31
       Discord           |       |       |       |       |       |       |       |       |     2 ||     2
       Blink             |       |       |       |       |       |       |       |       |     1 ||     1
       Ozocubu's Refrige |       |       |       |       |       |       |       |       |     6 ||     6
Invok: Curse Item        |       |       |     2 |     3 |     3 |     4 |     3 |     3 |     1 ||    19
       Shatter the Chain |       |       |       |       |     2 |     3 |     2 |     2 |       ||     9
Evoke: Lightning rod     |       |       |       |       |     2 |     5 |       |       |     3 ||    10
       Phantom mirror    |       |       |       |       |       |     2 |       |     1 |     2 ||     5
       Condenser vane    |       |       |       |       |       |     1 |     2 |     2 |       ||     5
       Box of beasts     |       |       |       |       |       |       |     1 |     2 |       ||     3
       Wand              |       |       |       |       |       |       |       |     5 |     6 ||    11
       Phial of floods   |       |       |       |       |       |       |       |     1 |       ||     1
  Use: Scroll            |       |     7 |    13 |     6 |     9 |     9 |     6 |    20 |    21 ||    91
       Potion            |       |     3 |     5 |     5 |     7 |    19 |     8 |    39 |    34 ||   120
 Stab: Sleeping          |       |       |       |     2 |    16 |    24 |    22 |    34 |    26 ||   124
       Invisible         |       |       |       |     1 |       |       |       |     2 |       ||     3
       Distracted        |       |       |       |     1 |     7 |    10 |    12 |    11 |    31 ||    72
       Confused          |       |       |       |       |     3 |     2 |       |       |       ||     5
Armor: Scale mail        |    65 |    68 |   237 |    13 |       |       |       |       |       ||   383
       Plate armour      |       |       |     7 |       |       |       |       |       |       ||     7
       Ring mail         |       |       |       |   346 |   173 |   169 |   201 |   346 |   449 ||  1684
       Skin              |       |       |       |       |       |     2 |     7 |    49 |     9 ||    67
Dodge: Dodged            |    38 |    57 |   289 |   452 |   304 |   318 |   496 |   535 |   733 ||  3222
Block: Buckler           |       |       |       |   138 |   158 |   148 |   219 |   519 |   984 ||  2166
       Reflection        |       |       |       |       |       |       |       |    29 |    11 ||    40
       Other             |       |       |       |       |       |       |       |       |    11 ||    11
